Map: 16-Bit LE

Players

Snute - Winner!

  • Race: Zerg Zerg
  • Spawn Location: 1:00

GOStephano (Stephano)

  • Race: Zerg Zerg
  • Spawn Location: 7:00

Event: WCS Austin 2018

VOD

Have the link to the VOD?

Description

Time

  • Played on: June 2, 2018, 6:42 p.m.
  • Length: 11:12

All games in this series

Show
View Real Time Build Order
Export as new Build Order

Snute Zerg - Winner!

Build Orders: Hatch First 

Get SALT Encoding   

  12  0:00  Drone  
  13  0:12  Overlord  
  13  0:17  Drone  
  14  0:30  Drone x2  
  14  0:34  Drone  
  17  0:53  Hatchery  
  17  0:55  Drone  
  17  1:09  Spawning Pool  
  16  1:12  Drone  
  16  1:15  Drone  
  18  1:37  Hatchery  
  18  1:39  Drone  
  18  1:42  Drone  
  18  1:45  Drone  
  20  1:55  Queen  
  22  2:05  Queen  
  24  2:10  Overlord  
  24  2:13  Drone  
  25  2:15  Drone  
  25  2:18  Zergling x2  
  25  2:21  Zergling x2  
  28  2:28  Spine Crawler  
  27  2:32  Zergling x4  
  29  2:39  Queen  
  31  2:45  Overlord  
  31  2:47  Drone  
  31  2:50  Drone  
  33  2:53  Drone  
  33  2:55  Drone  
  35  2:59  Drone  
  35  3:03  Drone x2  
  38  3:05  Drone  
  38  3:09  Drone  
  38  3:10  Drone  
  38  3:12  Drone  
  42  3:14  Drone  
  42  3:16  Drone  
  43  3:22  Drone x3  
  43  3:25  Extractor  
  45  3:29  Roach Warren  
  45  3:33  Evolution Chamber  
  42  3:34  Drone  
  42  3:35  Drone  
  44  3:42  Overlord  
  44  3:44  Extractor  
  43  3:49  Drone x4  
  43  3:52  Drone x3  
  50  3:57  Overlord  
  50  4:01  Extractor, Drone x2  
  50  4:02  Drone x2  
  53  4:03  Drone  
  53  4:05  Drone  
  55  4:15  Drone x2  
  55  4:16  Drone  
  58  4:21  Overlord  
  58  4:24  Overlord  
  58  4:29  Overlord  
  57  4:32  Roach x4  
  57  4:34  Evolution Chamber  
  57  4:37  Roach  
  65  4:39  Evolution Chamber  
  65  4:41  Roach x3  
  70  4:47  Drone x4  
  74  4:53  Overlord  
  74  5:00  Evolution Chamber  
  74  5:02  Roach x2  
  74  5:03  Roach x3  
  74  5:04  Drone x2  
  85  5:08  Lair  
  85  5:09  Drone  
  85  5:11  Overlord  
  85  5:13  Drone  
  87  5:14  Drone  
  87  5:21  Zerg Missile Weapons Level 1, Drone x2  
  90  5:28  Drone x2  
  90  5:29  Drone x3  
  90  5:33  Overlord, Extractor  
  90  5:35  Extractor, Drone  
  94  5:37  Zerg Ground Armor Level 1  
  94  5:43  Overlord  
  94  5:44  Drone  
  94  5:45  Drone  
  94  5:49  Drone x2  
  99  5:50  Drone  
  99  5:51  Queen  
  99  5:52  Extractor  
  99  5:54  Roach x3  
  106  5:59  Roach x2  
  106  6:03  Roach  
  112  6:06  Glial Reconstitution  
  112  6:13  Infestation Pit  
  112  6:15  Drone  
  112  6:16  Drone x2  
  114  6:27  Overlord x3  
  114  6:30  Queen  
  116  6:36  Hatchery  
  116  6:38  Drone x3  
  118  6:40  Roach x2  
  118  6:43  Overlord x4  
  122  6:50  Infestor x2  
  122  6:52  Overseer  
  130  6:54  Roach x5  
  130  6:56  Overlord  
  138  7:06  Roach x4  
  146  7:11  Overlord, Spore Crawler  
  145  7:20  Roach  
  145  7:21  Roach x7  
  157  7:28  Roach x5  
  161  7:33  Zerg Missile Weapons Level 2  
  161  7:34  Zerg Ground Armor Level 2  
  161  7:37  Hatchery  
  161  7:41  Roach x3  
  165  7:44  Roach x2  
  165  7:47  Roach x3  
  175  7:51  Pneumatized Carapace  
  175  7:57  Roach x2  
  179  8:00  Overseer  
  179  8:02  Ravager  
  180  8:06  Roach x3  
  180  8:09  Overlord  
  180  8:11  Overlord  
  186  8:13  Extractor  
  186  8:19  Extractor  
  184  8:24  Overlord  
  184  8:28  Roach  
  186  8:36  Roach  
  186  8:37  Roach x3  
  194  8:42  Hive  
  194  8:43  Hydralisk Den  
  194  8:44  Roach  
  194  8:45  Roach x2  
  199  8:51  Spine Crawler x2  
  199  8:54  Roach  
  199  9:04  Overseer x2  
  199  9:09  Ravager  
  200  9:10  Spine Crawler  
  200  9:11  Drone  
  200  9:12  Spine Crawler  
  199  9:22  Ravager  
  192  9:41  Burrow  
  192  9:42  Roach x2  
  192  9:43  Roach x2  
  184  10:01  Roach x8  
  198  10:12  Roach x4  
  191  10:14  Roach  
  191  10:21  Overseer  
  190  10:22  Roach  
  183  10:29  Overlord x2  
  183  10:33  Roach x8  
  190  10:36  Roach  
  186  10:49  Roach x9  
  198  10:50  Roach  
Show
View Real Time Build Order
Export as new Build Order

GOStephano Zerg 

Build Orders: Hatch First 

Get SALT Encoding   

  12  0:00  Drone  
  13  0:12  Overlord  
  13  0:17  Drone  
  14  0:31  Drone x2  
  16  0:50  Hatchery  
  16  0:53  Drone  
  16  0:57  Drone  
  16  1:00  Drone  
  18  1:13  Extractor  
  18  1:16  Spawning Pool  
  16  1:19  Drone  
  16  1:22  Drone  
  18  1:29  Drone  
  19  1:40  Drone  
  20  1:49  Drone  
  21  2:03  Queen x2  
  21  2:04  Zergling x2  
  21  2:05  Overlord  
  26  2:10  Evolution Chamber  
  26  2:11  Drone  
  26  2:15  Drone  
  27  2:22  Drone  
  28  2:24  Drone  
  29  2:34  Drone x2  
  31  2:37  Zerg Ground Armor Level 1  
  31  2:44  Queen  
  31  2:48  Overlord  
  33  2:52  Drone  
  33  2:57  Queen  
  36  3:08  Drone x2  
  36  3:09  Drone x2  
  36  3:10  Drone  
  36  3:11  Drone  
  42  3:15  Metabolic Boost  
  42  3:18  Drone  
  43  3:20  Drone  
  43  3:26  Overlord  
  44  3:31  Overlord  
  44  3:40  Overlord  
  43  3:47  Hatchery  
  42  3:50  Drone  
  42  3:51  Zergling x8  
  47  3:56  Zergling x6  
  47  3:58  Zergling x2  
  51  4:05  Zergling x6  
  54  4:12  Zergling x4  
  54  4:15  Extractor  
  55  4:21  Zergling x4  
  57  4:32  Zergling x8  
  57  4:34  Zerg Missile Weapons Level 1, Lair  
  61  4:38  Drone x4  
  61  4:41  Extractor  
  61  4:43  Drone  
  61  4:44  Roach Warren  
  62  4:53  Drone x2  
  60  5:00  Drone x2  
  60  5:05  Drone  
  61  5:09  Drone x3  
  61  5:10  Drone  
  65  5:14  Drone x4  
  65  5:18  Drone  
  67  5:22  Drone  
  67  5:25  Drone  
  69  5:29  Drone  
  69  5:30  Glial Reconstitution  
  70  5:40  Drone x4  
  70  5:41  Overlord x2  
  74  5:44  Overlord x3, Extractor  
  73  5:52  Overlord x2  
  72  5:59  Overseer  
  72  6:01  Roach x5  
  82  6:07  Roach x4  
  90  6:14  Drone  
  90  6:15  Drone  
  90  6:17  Extractor  
  90  6:20  Roach x3  
  96  6:26  Roach x3  
  96  6:27  Hatchery  
  96  6:29  Zerg Missile Weapons Level 2  
  103  6:32  Roach  
  103  6:35  Overlord  
  103  6:39  Drone x3  
  106  6:40  Drone x2  
  106  6:46  Roach x3  
  114  6:51  Extractor  
  114  6:52  Tunneling Claws  
  114  6:53  Burrow  
  115  6:54  Roach  
  115  7:00  Roach x3  
  121  7:05  Drone x2  
  123  7:09  Roach x3  
  123  7:10  Overlord  
  123  7:11  Overlord  
  128  7:28  Roach x4  
  129  7:34  Roach x8  
  141  7:40  Unknown, Roach x4  
  149  7:46  Overlord, Roach  
  149  7:47  Overlord  
  149  7:49  Overlord  
  151  7:53  Overlord  
  151  7:57  Overlord  
  151  7:58  Hydralisk Den  
  151  7:59  Pneumatized Carapace  
  151  8:00  Overlord  
  151  8:04  Ravager x2  
  152  8:09  Drone  
  152  8:10  Drone  
  152  8:12  Drone  
  155  8:13  Drone x2, Roach  
  155  8:14  Roach x2  
  155  8:19  Roach x3  
  169  8:20  Overseer, Roach  
  171  8:31  Roach x5  
  171  8:33  Unknown  
  181  8:37  Roach  
  181  8:38  Roach x3  
  189  8:48  Zerg Ground Armor Level 2  
  189  8:49  Lurker Den  
  189  8:54  Overlord x2  
  188  9:08  Extractor  
  188  9:09  Overlord x2  
  187  9:10  Overlord  
  187  9:12  Muscular Augments  
  187  9:17  Hydralisk x5  
  187  9:18  Infestation Pit  
  196  9:24  Roach  
  196  9:25  Roach x3  
  196  9:34  Roach x4  
  196  9:35  Roach  
  196  9:36  Roach x2  
  189  9:40  Roach x5  
  195  9:46  Roach x9, Ravager x4  
  195  9:47  Roach x3, Ravager  
  195  9:48  Roach x5  
  189  9:54  Roach x13  
  189  9:59  Roach x5  
  166  10:03  Roach x8  
  166  10:05  Roach x9  
  158  10:07  Roach x6  
  158  10:11  Roach x10  
  146  10:20  Roach x5  
  146  10:21  Roach x2  
  140  10:26  Roach x2  
  131  10:35  Roach x3  
  131  10:42  Drone x15, Roach x3  
  119  10:49  Roach x2  
Tags
 
Add a new tag
Caveats
  • Supply blocks, unpowered buildings, or Contaminate may cause inaccurate times.
  • Supply counts are checked every 10 seconds.